 Dungeon Crawl Stone Soup version 0.31-a0-1084-gb392501acf (webtiles) character file.

Game seed: 8518088731122484420

135221 Lmtl the Executioner (level 16, -1/160 HPs)
             Began as a Minotaur Berserker on Nov 28, 2023.
             Was the Champion of Trog.
             Slain by a salamander
             ... wielding a +0 glaive
              (11 damage)
             ... on level 1 of the Snake Pit.
             The game lasted 00:58:34 (26430 turns).

Lmtl the Executioner (Minotaur Berserker)          Turns: 26430, Time: 00:58:35

Health: -1/160     AC: 28    Str: 26    XL:     16   Next: 63%
Magic:  15/15      EV: 19    Int:  3    God:    Trog [******]
Gold:   587        SH:  0    Dex: 17    Spells: 15/15 levels left

rFire   + + .        n - +11 executioner's axe of the Freezing Big Fish {freeze, rN+}
rCold   + . .        (shield currently unavailable)
rNeg    + + .        x - +0 plate armour
rPois   +            r - +2 hat
rElec   .            d - +2 ratskin cloak {*Rats rPois rN+ Str-1 Int-1 Dex+1}
rCorr   +            u - +2 pair of gloves "Nuum" {+Inv Dex+3 Stlth+}
SInv    .            o - +0 pair of boots
Will    +++..        w - amulet of faith Stlth
                     P - +5 ring of evasion
HPRegen 1.46/turn    H - ring "Gotsag" {rF++ rC+ rCorr}
MPRegen 0.14/turn

%: faith
@: lethally poisoned (-1 -> -1), strong-willed (expiring), on berserk cooldown,
regenerating (expiring), slowed, studying Dodging, very slow
A: horns 2, retaliatory headbutt
a: Renounce Religion, Evoke Invisibility, Berserk, Trog's Hand, Brothers in Arms


You were on level 1 of the Snake Pit.
You worshipped Trog.
Trog was exalted by your worship.
You visited 4 branches of the dungeon, and saw 23 of its levels.
You also visited: Gauntlet.

You collected 2306 gold pieces.
You spent 1719 gold pieces at shops.

Inventory:

Hand Weapons
 n - the +11 executioner's axe of the Freezing Big Fish (weapon) {freeze, rN+}
   (You acquired it on level 1 of the Orcish Mines)

   rN+:       It protects you from negative energy.
 D - the +9 battleaxe of Buobav {flame, rCorr}
   (Trog gifted it to you on level 11 of the Dungeon)

   rCorr:     It protects you from acid and corrosion.
 U - a +2 heavy executioner's axe
Missiles
 l - 2 curare-tipped darts (quivered)
Armour
 d - the +2 ratskin cloak (worn) {*Rats rPois rN+ Str-1 Int-1 Dex+1}
   (You found it in a Gauntlet)

   *Rats:     When the wearer is hurt, rats may emerge from it to assist them.
   Str-1:     It affects your strength (-1).
   Int-1:     It affects your intelligence (-1).
   Dex+1:     It affects your dexterity (+1).
   rPois:     It protects you from poison rN+: It protects you from negative
   energy.
 o - a +0 pair of boots (worn)
 r - a +2 hat (worn)
 u - the +2 pair of gloves "Nuum" (worn) {+Inv Dex+3 Stlth+}
   (You found it in a Gauntlet)

   Dex+3:     It affects your dexterity (+3).
   +Inv:      It lets you turn invisible.
   Stlth+:    It makes you more stealthy.
 x - a +0 plate armour (worn)
 G - the +1 hat of Perpetual Drought {rF++ Int-3}
   (You acquired it on level 1 of the Orcish Mines)

   Int-3:     It affects your intelligence (-3).
   rF++:      It greatly protects you from fire.
Jewellery
 w - an amulet of faith (around neck)
 A - a ring of positive energy
 H - the ring "Gotsag" (right hand) {rF++ rC+ rCorr}
   (You acquired it on level 1 of the Orcish Mines)

   [ring of protection from cold]

   rF++:      It greatly protects you from fire.
   rC+:       It protects you from cold.
   rCorr:     It protects you from acid and corrosion.
 M - a +4 ring of slaying
 N - a ring of poison resistance
 P - a +5 ring of evasion (left hand)
 Q - a +6 ring of dexterity
 T - a ring of resist corrosion
 W - a ring of protection from fire
Wands
 a - a wand of roots (17)
 m - a wand of paralysis (3)
 z - a wand of digging (6)
 B - a wand of mindburst (18)
 I - a wand of flame (9)
Scrolls
 c - a scroll of brand weapon
 e - 2 scrolls of fear
 f - 7 scrolls of teleportation
 g - 2 scrolls of enchant weapon
 k - a scroll of summoning
 s - a scroll of identify
 y - a scroll of revelation
 E - 3 scrolls of enchant armour
 F - a scroll of poison
 K - 4 scrolls of blinking
 O - a scroll of torment
Potions
 b - 7 potions of curing
 h - 3 potions of resistance
 i - 3 potions of enlightenment {unknown}
 j - 3 potions of haste
 p - 3 potions of invisibility
 q - 5 potions of mutation
 t - a potion of ambrosia
 v - 4 potions of might {unknown}
 C - 4 potions of brilliance
 J - 3 potions of heal wounds
 L - a potion of cancellation {unknown}
 R - 3 potions of berserk rage
 S - 2 potions of attraction
 V - a potion of magic {unknown}


   Skills:
 + Level 19.0 Fighting
 - Level 24.0 Axes
 + Level 16.4 Armour
 + Level 13.4 Dodging


You had 15 spell levels left.
You didn't know any spells.
Your spell library was empty.

Dungeon Overview and Level Annotations

Branches:
Dungeon (15/15)            Temple (0/1) D:5            Lair (5/5) D:11
  Swamp (0/4) Lair:2        Snake (1/4) Lair:2        Slime (0/5) Lair:5
    Orc (2/2) D:9             Elf (0/3) Orc:2        Vaults (0/5) D:13
 Depths (0/4) D:15        Gauntlet (visited)

Altars:
Ashenzari
Cheibriados
Gozag
Makhleb
Okawaru
Sif Muna
Vehumet
Wu Jian
Xom
The Shining One
Jiyva

Shops:
D:1 (?   D:7 :   D:14 *   D:15 ?[*=   Orc:2 *::?[

Annotations:
D:4 1 runed translucent door


Innate Abilities, Weirdness & Mutations

You have a pair of horns on your head.
You reflexively headbutt those who attack you in melee.


Message History

a +0 mace; a naga corpse
Found a burning altar of Makhleb.
You feel a strong urge to attack something.
You are no longer berserk.
You are exhausted.
You feel yourself slow down.
You feel sick.
A naga comes into view. It is wielding a +0 glaive.
The naga shouts!
You chop the naga sharpshooter into pieces!!!
You freeze the naga sharpshooter!
Your headbutt misses the naga sharpshooter.
The naga sharpshooter is almost dead.
You feel sick.
You hear a shout!
The naga sharpshooter casts a spell.
The naga sharpshooter magically shoots a bolt.
The bolt hits you.
You feel the effects of Trog's Hand fading.
You feel sick.
The shock serpent shoots out a bolt of lightning at you!
The bolt of electricity hits you!!
* * * LOW HITPOINT WARNING * * *
The naga sharpshooter mumbles some strange words.
The naga sharpshooter magically shoots a bolt.
The bolt hits you!
* * * LOW HITPOINT WARNING * * *
The salamander attacks as it pursues you!
The salamander hits you but does no damage.
The naga ritualist mumbles some strange prayers to its god against you.
You resist with almost no effort. The shock serpent closely misses you.
The naga sharpshooter gestures wildly while chanting.
The naga sharpshooter magically shoots a bolt.
The bolt hits you!
* * * LOW HITPOINT WARNING * * *
Things that are here:
a +0 long sword; a +0 robe You feel sick.
The salamander attacks as it pursues you!
The salamander hits you from afar with a +0 glaive!
You die...

S.....##...####
...............###
....#.###........##
/...............N..
#........#.######.
.#........#)#
......#%).#N#####.
....N.).†S).N.N....
.N.###.##@).##.....
#. #...# ..._ #.
###.# ... #. #.# ..
#. #.# # ## ..# .#


You could see a naga sharpshooter, a salamander, a naga ritualist, a shock
serpent and a naga.

Vanquished Creatures
  Rupert (D:15)
  Kirke (D:14)
  Gastronok (Lair:3)
  Aizul (Snake:1)
  A very ugly thing (D:15)
  An eleionoma (Lair:2)
  A minotaur (Gauntlet)
  Snorg (Lair:5)
  A blizzard demon (Gauntlet)
  A fire dragon (Lair:5)
  Harold (Orc:1)
  6 hydras
  A vault guard (D:13)
  3 catoblepae
  An ironbound frostheart (D:13)
  An ogre mage (D:15)
  2 anacondas (Snake:1)
  4 centaur warriors
  Erica (D:9)
  8 death yaks
  11 two-headed ogres
  6 boulder beetles
  3 tengu warriors
  A naga warrior (Snake:1)
  Urug (D:10)
  An orc high priest (Orc:2)
  Nergalle (Lair:3)
  A skyshark (Lair:5)
  4 skeletal warriors (D:15)
  A glowing orange brain (D:15)
  A swamp dragon (Lair:5)
  2 lindwurms (Lair:5)
  9 orc knights
  3 mana vipers (Snake:1)
  2 orc sorcerers (D:11)
  31 ugly things
  2 deep elf pyromancers (D:11)
  3 cyclopes
  8 manticores
  13 centaur zombies (D:12)
  6 elephants
  A naga mage (Snake:1)
  2 molten gargoyles (Gauntlet)
  A guardian serpent (Lair:2)
  14 black mambas
  3 torpor snails
  3 gargoyles
  An unseen horror (D:11)
  An efreet (D:14)
  4 kobold demonologists
  11 cane toads
  Jeremiah (D:7)
  13 komodo dragons
  A yaktaur (D:15)
  Psyche (D:9)
  A tengu conjurer (D:11)
  5 rime drakes
  An ice devil (Gauntlet)
  4 polar bears
  A wolf spider simulacrum (D:15)
  10 trolls
  Grinder (D:3)
  A wind drake (shapeshifter) (D:15)
  A dream sheep (Lair:4)
  6 blink frogs
  A meliai zombie (D:12)
  The ghost of kskgo the Magician, an amateur DjFE of Qazlal (D:4)
  26 slime creatures
  A centaur simulacrum (D:14)
  5 wraiths
  7 shadows
  65 yaks
  5 wyverns
  6 vampires
  2 hogs (D:14)
  9 basilisks
  4 steam dragons
  6 vampire mosquitoes
  8 wargs
  A harpy simulacrum (D:13)
  6 nagas (Snake:1)
  14 water moccasins
  9 acid dragons
  A swamp drake (Lair:5)
  37 orc warriors
  4 black bears
  9 ogres
  An ice beast (D:5)
  6 wolves (Lair:4)
  4 boggarts (Lair:4)
  11 centaurs
  2 kobold brigands
  14 bullfrogs
  4 gnoll sergeants
  A scorpion (D:5)
  4 wights (D:9)
  5 electric eels
  6 howler monkeys
  13 orc priests
  3 hounds
  2 jellies
  Crazy Yiuf (D:5)
  Terence (D:2)
  2 sleepcaps
  Jessica (D:2)
  A boggart zombie (D:12)
  2 gnoll boudas
  9 iguanas
  Natasha (thrice) (D:3)
  25 orc wizards
  A statue (D:7)
  26 gnolls
  7 adders
  2 shadow imps
  A white imp (D:8)
  2 ufetubi (D:6)
  A worm (D:4)
  A dart slug (D:4)
  98 orcs
  11 endoplasms
  A giant cockroach (D:1)
  7 goblins
  7 hobgoblins
  5 quokkas (D:4)
  3 ball pythons
  4 bats
  5 frilled lizards
  15 kobolds
  5 rats
786 creatures vanquished.

Vanquished Creatures (collateral kills)
  A hydra (Lair:5)
  6 death yaks
  A cane toad (Lair:5)
8 creatures vanquished.

Vanquished Creatures (others)
  A human (D:14)
1 creature vanquished.

Grand Total: 795 creatures vanquished

Notes
Turn   | Place    | Note
-------+----------+-------------------------------------------
     0 | D:1      | Lmtl the Minotaur Berserker began the quest for the Orb.
     0 | D:1      | Reached XP level 1. HP: 19/19 MP: 0/0
   135 | D:1      | Reached skill level 4 in Axes
   216 | D:1      | Found Vietiat's Magic Scroll Boutique.
   225 | D:1      | Reached XP level 2. HP: 18/27 MP: 1/1
   271 | D:1      | Found Yrghim's Antique Weapon Shoppe.
   389 | D:1      | You fall into a shaft and drop 1 floor!
   804 | D:2      | Reached XP level 3. HP: 28/33 MP: 2/2
   924 | D:2      | Noticed Jessica
   933 | D:2      | Killed Jessica
   934 | D:2      | Reached skill level 5 in Axes
  1128 | D:2      | Reached XP level 4. HP: 27/41 MP: 3/3
  1296 | D:1      | Bought a scroll of identify for 28 gold pieces
  1296 | D:1      | Bought 2 scrolls of identify for 56 gold pieces
  1487 | D:2      | Noticed Terence
  1497 | D:2      | Killed Terence
  1734 | D:3      | Reached skill level 5 in Fighting
  1734 | D:3      | Reached skill level 6 in Axes
  1734 | D:3      | Reached XP level 5. HP: 30/48 MP: 4/4
  1819 | D:3      | Noticed Natasha
  1824 | D:3      | Killed Natasha
  1856 | D:3      | Reached ** piety under Trog
  1917 | D:3      | Noticed Natasha
  1927 | D:3      | Killed Natasha
  2270 | D:3      | Noticed Natasha
  2275 | D:3      | Killed Natasha
  2276 | D:3      | Reached skill level 7 in Axes
  2276 | D:3      | Reached XP level 6. HP: 54/56 MP: 5/5
  2342 | D:3      | Noticed Grinder
  2346 | D:3      | Paralysed by Grinder for 2 turns
  2361 | D:3      | Paralysed by Grinder for 3 turns
  2365 | D:3      | Killed Grinder
  2612 | D:4      | Reached skill level 8 in Axes
  2617 | D:4      | Reached XP level 7. HP: 63/63 MP: 6/6
  2824 | D:4      | Found a runed translucent door.
  2872 | D:4      | Found a runed translucent door.
  2933 | D:4      | Reached skill level 9 in Axes
  2946 | D:4      | Noticed kskgo's ghost (amateur DjFE)
  3006 | D:4      | Killed kskgo's ghost
  3470 | D:5      | Entered Level 5 of the Dungeon
  3520 | D:5      | Reached *** piety under Trog
  3521 | D:5      | Reached XP level 8. HP: 72/73 MP: 7/7
  3607 | D:5      | Found a runed translucent door.
  3608 | D:5      | Noticed Crazy Yiuf
  3714 | D:5      | Killed Crazy Yiuf
  3715 | D:5      | Reached skill level 10 in Axes
  3796 | D:5      | Noticed a two-headed ogre
  3812 | D:5      | Killed a two-headed ogre
  3813 | D:5      | Reached skill level 11 in Axes
  3875 | D:5      | Found a staircase to the Ecumenical Temple.
  4020 | D:5      | Reached skill level 12 in Axes
  4020 | D:5      | Reached XP level 9. HP: 35/83 MP: 8/8
  5031 | D:6      | Found an iron altar of Okawaru.
  5064 | D:6      | Identified the +3 rapier of Reinforcement {drain, Fly rCorr
                  | Str+2 Int+4}
  5179 | D:6      | Found a snail-covered altar of Cheibriados.
  5179 | D:6      | Found an opulent altar of Gozag.
  5274 | D:6      | Reached skill level 13 in Axes
  5486 | D:6      | Found an ornate altar of the Wu Jian Council.
  5768 | D:7      | Found Vysoc's Vocational Training.
  5824 | D:7      | Reached skill level 10 in Fighting
  6132 | D:7      | Noticed Jeremiah
  6173 | D:7      | Killed Jeremiah
  6480 | D:1      | Bought a scroll of identify for 28 gold pieces
  6480 | D:1      | Bought a scroll of identify for 28 gold pieces
  6581 | D:1      | Reached **** piety under Trog
  7544 | D:7      | Reached skill level 14 in Axes
  7556 | D:7      | Found a radiant altar of Vehumet.
  7739 | D:8      | Found a shimmering blue altar of Sif Muna.
  7777 | D:8      | Reached XP level 10. HP: 86/95 MP: 9/9
  8603 | D:9      | Noticed a two-headed ogre
  8870 | D:9      | Killed a two-headed ogre
  9241 | D:9      | Found a burning altar of Makhleb.
  9243 | D:9      | Reached skill level 15 in Fighting
  9362 | D:9      | Noticed Erica
  9379 | D:9      | Killed Erica
  9380 | D:9      | Reached XP level 11. HP: 113/113 MP: 10/10
  9641 | D:9      | Found a staircase to the Orcish Mines.
  9786 | D:9      | Noticed Psyche
  9793 | D:9      | Killed Psyche
 10281 | D:10     | Entered Level 10 of the Dungeon
 10854 | D:10     | Noticed a sun demon
 11130 | D:10     | Noticed Urug
 11148 | D:10     | Killed Urug
 11415 | D:11     | Noticed a white ugly thing
 11424 | D:11     | HP: 5/175 [white ugly thing (32)]
 11426 | D:11     | Killed a white ugly thing
 11815 | Orc:1    | Entered Level 1 of the Orcish Mines
 11935 | Orc:1    | Identified 3 scrolls of acquirement
 11936 | Orc:1    | Acquired the +1 hat of Perpetual Drought {rF++ Int-3}
 11937 | Orc:1    | Acquired the ring "Gotsag" {rF++ rC+ rCorr}
 11938 | Orc:1    | Acquired the +11 executioner's axe of the Freezing Big Fish
                  | {freeze, rN+}
 12106 | Orc:1    | Noticed Harold
 12115 | Orc:1    | Killed Harold
 12327 | D:11     | Noticed a purple ugly thing
 12333 | D:11     | Killed a purple ugly thing
 12468 | D:11     | Noticed a two-headed ogre
 12472 | D:11     | Killed a two-headed ogre
 12770 | D:11     | Noticed a centaur warrior
 12771 | D:11     | Noticed a boulder beetle
 12772 | D:11     | Killed a centaur warrior
 12777 | D:11     | Killed a boulder beetle
 12778 | D:11     | Reached XP level 12. HP: 128/128 MP: 11/11
 12784 | D:11     | Noticed a seven-headed hydra
 13014 | D:11     | Found a staircase to the Lair.
 13032 | D:11     | Reached skill level 15 in Axes
 13061 | Lair:1   | Entered Level 1 of the Lair of Beasts
 13532 | Lair:1   | Reached skill level 16 in Axes
 13583 | Lair:1   | Noticed a boulder beetle
 13610 | Lair:1   | Killed a boulder beetle
 14184 | Lair:1   | Reached skill level 17 in Axes
 14481 | Lair:2   | Found a staircase to the Swamp.
 14481 | Lair:2   | Noticed an eleionoma
 14492 | Lair:2   | Killed an eleionoma
 14707 | Lair:2   | Noticed a death yak
 14711 | Lair:2   | Noticed a death yak
 14711 | Lair:2   | Noticed a death yak
 14711 | Lair:2   | Noticed a death yak
 14711 | Lair:2   | Noticed a death yak
 14711 | Lair:2   | Noticed a death yak
 14716 | Lair:2   | Killed a death yak
 14718 | Lair:2   | Killed a death yak
 14719 | Lair:2   | Reached skill level 18 in Axes
 14719 | Lair:2   | Noticed a death yak
 14721 | Lair:2   | Noticed a death yak
 14721 | Lair:2   | Killed a death yak
 14723 | Lair:2   | Noticed a death yak
 14724 | Lair:2   | Killed a death yak
 14724 | Lair:2   | Killed a death yak
 14727 | Lair:2   | Noticed a death yak
 14728 | Lair:2   | Killed a death yak
 14729 | Lair:2   | Reached XP level 13. HP: 69/136 MP: 12/12
 14735 | Lair:2   | Reached skill level 19 in Axes
 15111 | Lair:2   | Identified the +4 spear "Qieblas" {drain, rC+ Int+3}
 15289 | Lair:2   | Found a staircase to the Snake Pit.
 16114 | Lair:3   | Reached skill level 20 in Axes
 16213 | Lair:3   | Noticed Gastronok
 16224 | Lair:3   | Killed Gastronok
 16511 | Lair:3   | Noticed Nergalle
 16523 | Lair:3   | Killed Nergalle
 17357 | Lair:4   | Reached skill level 5 in Armour
 18025 | Lair:5   | Entered Level 5 of the Lair of Beasts
 18115 | Lair:5   | Found a viscous altar of Jiyva.
 18115 | Lair:5   | Found a staircase to the Slime Pits.
 18155 | Lair:5   | Reached ***** piety under Trog
 18156 | Lair:5   | Reached skill level 21 in Axes
 18246 | Lair:5   | Reached XP level 14. HP: 134/144 MP: 13/13
 18566 | Lair:5   | Reached skill level 10 in Armour
 18610 | Lair:5   | Noticed Snorg
 18620 | Lair:5   | Killed Snorg
 18903 | Lair:5   | Received a gift from Trog
 19697 | D:11     | Reached skill level 22 in Axes
 19836 | Orc:2    | Entered Level 2 of the Orcish Mines
 20379 | Orc:2    | Found Xaixaimy's Self-Improvement Boutique.
 20387 | Orc:2    | Bought a manual of Dodging for 1120 gold pieces
 20438 | Orc:2    | Found a staircase to the Elven Halls.
 20461 | Orc:2    | Received a gift from Trog
 20500 | Orc:2    | Reached XP level 15. HP: 90/150 MP: 14/14
 20696 | Orc:2    | Found Jufar's General Store.
 20696 | Orc:2    | Found Muneago's Book Shop.
 20702 | Orc:2    | Bought a scroll of identify for 24 gold pieces
 20702 | Orc:2    | Bought a scroll of enchant armour for 90 gold pieces
 20739 | Orc:2    | Found Zaumm's Magic Scroll Emporium.
 20739 | Orc:2    | Found Afaodd's Armour Shop.
 20745 | Orc:2    | Bought a scroll of identify for 28 gold pieces
 20745 | Orc:2    | Bought a scroll of identify for 28 gold pieces
 20745 | Orc:2    | Bought a scroll of identify for 28 gold pieces
 21291 | D:11     | Reached skill level 5 in Dodging
 21506 | D:11     | Found the sphere of Battle
 21774 | D:11     | Identified the +0 ring mail "Jusufau" {rF+}
 21905 | D:11     | Identified the +9 battleaxe of Buobav {flame, rCorr} (Trog
                  | gifted it to you on level 11 of the Dungeon)
 21905 | D:11     | Received a gift from Trog
 22021 | D:12     | Reached skill level 23 in Axes
 22108 | D:12     | Found a gate leading to a gauntlet.
 22115 | Gauntlet | Entered a Gauntlet
 22115 | Gauntlet | Found the +2 ratskin cloak {*Rats rPois rN+ Str-1 Int-1
                  | Dex+1}
 22115 | Gauntlet | Found a transporter.
 22115 | Gauntlet | Found a transporter.
 22115 | Gauntlet | Found a transporter.
 22116 | Gauntlet | Found a transporter.
 22119 | Gauntlet | Found a transporter.
 22121 | Gauntlet | Found a large runed translucent door.
 22122 | Gauntlet | Found a large runed translucent door.
 22123 | Gauntlet | Found a large runed translucent door.
 22123 | Gauntlet | Found a large runed translucent door.
 22123 | Gauntlet | Found a runed translucent door.
 22124 | Gauntlet | Found a large runed translucent door.
 22129 | Gauntlet | Found a runed translucent door.
 22130 | Gauntlet | Found a large runed translucent door.
 22130 | Gauntlet | Found a large runed translucent door.
 22130 | Gauntlet | Found a large runed translucent door.
 22131 | Gauntlet | Found a large runed translucent door.
 22132 | Gauntlet | Found a large runed translucent door.
 22136 | Gauntlet | Found a transporter.
 22137 | Gauntlet | Found a large runed translucent door.
 22137 | Gauntlet | Found a transporter.
 22137 | Gauntlet | Found a large runed translucent door.
 22142 | Gauntlet | Found a transporter.
 22147 | Gauntlet | Found a large runed translucent door.
 22147 | Gauntlet | Found a large runed translucent door.
 22149 | Gauntlet | Found a runed translucent gate.
 22152 | Gauntlet | Found a runed translucent gate.
 22152 | Gauntlet | Found a transporter.
 22153 | Gauntlet | Found a runed translucent gate.
 22159 | Gauntlet | Found a large runed translucent door.
 22159 | Gauntlet | Found a large runed translucent door.
 22172 | Gauntlet | Found a transporter.
 22197 | Gauntlet | Found a transporter.
 22348 | Gauntlet | Identified the +1 orcbow of the Middle {flame, rElec rF+
                  | Dex+3}
 22399 | Gauntlet | Identified the ring "Baden" {Will- MP+9 Int+5 Dex-3 SInv}
 22422 | Gauntlet | Identified the staff of Xinnut {rElec rPois Int+3 Air}
 22422 | Gauntlet | Identified the +2 pair of gloves "Nuum" {+Inv Dex+3 Stlth+}
 22789 | D:12     | Received a gift from Trog
 23490 | D:13     | Found a bloodstained altar of Trog.
 23493 | D:13     | Found an iron altar of Okawaru.
 23493 | D:13     | Found a glowing golden altar of the Shining One.
 23495 | D:13     | Found a shimmering altar of Xom.
 23495 | D:13     | Found a snail-covered altar of Cheibriados.
 23495 | D:13     | Found an iron altar of Okawaru.
 23869 | D:13     | Found a gate to the Vaults.
 24437 | D:14     | Noticed Kirke
 24447 | D:14     | Noticed a sphinx
 24447 | D:14     | Killed Kirke
 24474 | D:14     | Found a glowing golden altar of the Shining One.
 24564 | D:14     | Reached XP level 16. HP: 130/159 MP: 15/15
 24830 | D:14     | Found Ciaza's Assorted Antiques.
 25032 | D:14     | Reached skill level 24 in Axes
 25032 | D:14     | Reached skill level 15 in Armour
 25036 | D:14     | Reached skill level 10 in Dodging
 25248 | D:15     | Entered Level 15 of the Dungeon
 25296 | D:15     | Noticed Rupert
 25326 | D:15     | Killed Rupert
 25328 | D:15     | Found a broken altar of Ashenzari.
 25396 | D:15     | Found Emaecy's Antique Armour Shoppe.
 25444 | D:15     | Found Kub Teet's Jewellery Shop.
 25515 | D:15     | Found Lynoifor's General Store.
 25521 | D:15     | Bought a potion of heal wounds for 60 gold pieces
 25521 | D:15     | Bought a potion of ambrosia for 96 gold pieces
 25593 | D:15     | Reached ****** piety under Trog
 25599 | D:15     | Received a gift from Trog
 25879 | D:15     | Found a staircase to the Depths.
 25973 | D:15     | Found Bylaub's Magic Scroll Boutique.
 25976 | D:15     | Bought a scroll of revelation for 105 gold pieces
 26392 | Snake:1  | Entered Level 1 of the Snake Pit
 26406 | Snake:1  | Identified the serpent talisman of Yghuijen {Will+}
 26406 | Snake:1  | Noticed Aizul
 26420 | Snake:1  | Killed Aizul
 26427 | Snake:1  | Found a burning altar of Makhleb.
 26430 | Snake:1  | Slain by a salamander

Illustrated notes

Levels and vault maps discovered:
D:1:      amcnicky_arrival_gap_in_the_tavern_cellar, layout_basic, serial_shops,
          nicolae_diamond_shop, nicolae_shop_tiny_glass, minmay_misc_feat_tower
D:2:      layout_basic, uniq_jessica, uniq_terence
D:3:      layout_basic, uniq_grinder, uniq_natasha
D:4:      layout_basic, ebering_ghost_sewer_f
D:5:      layout_gridville, temple_fountains, uniq_crazy_yiuf_cottage
D:6:      layout_basic, nicolae_overflow_crystal_walls,
          nicolae_wu_jian_immortal_techniques, nicolae_overflow_two_pavilions,
          st_stairs_4
D:7:      layout_basic, vehumet_statue, nicolae_shop_vocational, uniq_jeremiah
D:8:      argonaut_augean_stables, layout_rooms, mainiacjoe_overflow_catwalk,
          grunt_ministairs_9, st_stairs_6
D:9:      layout_cave_pods, bloody_makhleb, david_orc_4, st_stairs_11,
          uniq_erica, uniq_psyche
D:10:     layout_cross, uniq_urug
D:11:     minmay_the_grid_3x3 [minmay_the_grid_mess,
          minmay_the_grid_stretched_grid, minmay_the_grid_odd_star,
          minmay_the_grid_zigzag_pyramid, minmay_the_grid_tri_star,
          minmay_the_grid_expand, minmay_the_grid_medium_cups,
          minmay_the_grid_minigrid_large, minmay_the_grid_prize_inner_circle],
          layout_loops_cross, lair_entry_dummy, minmay_misc_feat_enclosed,
          hellmonk_guarded_unrand_sphere_of_battle
D:12:     layout_roguey, gauntlet_entry_generic, serial_undead, serial_undead_b,
          serial_undead_a, serial_undead_f, serial_undead_b, serial_undead_f,
          serial_undead_c, serial_undead_e, serial_undead_f, serial_undead_b,
          serial_undead_a, minmay_misc_feat_ornament, minivault_26
D:13:     layout_basic, hellmonk_vaults_keyhole, doesnt_xom_only_xom
D:14:     layout_loops_corners, serial_shops, kennysheep_mini,
          grunt_decor_fettered, nicolae_tso_swordbearing_angel, uniq_kirke
D:15:     gammafunk_enter_depths_forms, layout_basic, serial_shops, shop, shop,
          nicolae_shop_waterfront, nicolae_shop_rolled_up, ashenzari_altar_1,
          uniq_rupert
Lair:1:   layout_cave_pods
Lair:2:   layout_regular_city, alex1729_swamp_entry_worm_eleionoma,
          minmay_snake_entry_spellcaster, infiniplex_staircase_pool
Lair:3:   layout_hall_layers, uniq_nergalle, uniq_gastronok
Lair:4:   layout_roguey, ldierk_geyser, kilobyte_rumbling_trees,
          serial_bayou_shore_b, wad_woods_river_01
Lair:5:   hangedman_lair_in_review, layout_loops_ring, guppyfry_lair_end_dragon,
          slime_entry_2, uniq_snorg
Snake:1:  layout_misc_corridors, basic_altar, uniq_frances, uniq_aizul
Orc:1:    layout_caves, uniq_sonja, uniq_harold
Orc:2:    st_orc_town, layout_caves, nicolae_shop_self_help

Skill      XL: |  1  2  3  4  5  6  7  8  9 10 11 12 13 14 15 16 |
---------------+-------------------------------------------------+-----
Axes           | 4 5 6 7 8 9 12 14 18 21 22 23 24 | 24.0
Fighting       | 4 5 6 7 9 11 15 18 19 | 19.0
Armour         | 7 13 14 16 | 16.4
Dodging        | 3 9 13 | 13.4

Action                     |  1- 3 |  4- 6 |  7- 9 | 10-12 | 13-15 | 16-18 || total
---------------------------+-------+-------+-------+-------+-------+-------++-------
  Melee: Hand axe          |    49 |    87 |    31 |       |       |       ||   167
         Headbutt          |     8 |    10 |    44 |    65 |   149 |    42 ||   318
         War axe           |       |     8 |   108 |       |       |       ||   116
         Punch             |       |       |     1 |       |       |       ||     1
         Battleaxe         |       |       |    91 |   198 |       |       ||   289
         Executioner's axe |       |       |       |   121 |   668 |   155 ||   944
  Throw: Boomerang         |       |     5 |     2 |       |       |       ||     7
         Dart              |       |     6 |    10 |       |    11 |       ||    27
 Invoke: Berserk           |       |     3 |     7 |    14 |    15 |     2 ||    41
         Trog's Hand       |       |     1 |     6 |    13 |    17 |     6 ||    43
         Brothers in Arms  |       |       |       |     1 |     1 |       ||     2
    Use: Scroll            |       |     4 |     8 |     8 |     8 |       ||    28
   Stab: Petrified         |       |       |       |       |     5 |       ||     5
 Armour: Animal skin       |     6 |       |       |       |       |       ||     6
         Ring mail         |    15 |    16 |       |       |       |       ||    31
         Scale mail        |       |    36 |       |       |       |       ||    36
         Chain mail        |       |     7 |    19 |       |       |       ||    26
         Ice dragon scales |       |       |    63 |       |       |       ||    63
         Plate armour      |       |       |   110 |   372 |   560 |   113 ||  1155
  Dodge: Dodged            |    34 |    54 |    84 |   102 |   371 |   114 ||   759
  Block: Buckler           |       |       |    10 |       |       |       ||    10

Table legend: (Time is in decaauts)
 A = Elapsed time spent in this place.
 B = Non-inter-level travel time spent in this place.
 C = Inter-level travel time spent in this place.
 D = Time resting spent in this place.
 E = Time spent auto-exploring this place.
 F = Levels seen in this place.
 G = Mean time per level.
                   A        B        C        D        E       F      G
               +--------+--------+--------+--------+--------+-----+--------+
         Total |  26668 |  24437 |   2231 |   3465 |  16835 |  24 | 1111.2 |
       Dungeon |  17978 |  16147 |   1831 |   2516 |  11054 |  15 | 1198.5 |
          Lair |   6804 |   6520 |    284 |    803 |   4702 |   5 | 1360.8 |
     Snake Pit |     27 |     27 |      0 |      0 |      0 |   1 |   27.0 |
  Orcish Mines |   1550 |   1436 |    114 |    145 |    979 |   2 |  775.0 |
      Gauntlet |    308 |    308 |      0 |      0 |    100 |   1 |  308.0 |
               +--------+--------+--------+--------+--------+-----+--------+

Top non-repeatable levels by time:
     D:9: 1950 daAuts
    D:11: 1718 daAuts
  Lair:5: 1601 daAuts
  Lair:2: 1542 daAuts
    D:10: 1401 daAuts
     D:2: 1324 daAuts
  Lair:1: 1311 daAuts
  Lair:4: 1250 daAuts
     D:5: 1244 daAuts
     D:6: 1234 daAuts
    D:14: 1156 daAuts
    D:13: 1151 daAuts
     D:3: 1116 daAuts
  Lair:3: 1098 daAuts
   Orc:2: 1079 daAuts
